 Dungeon Crawl Stone Soup version 0.30.1-11-g7821555f0a (webtiles) character file.

Game seed: 4975903190384443158

18913 N20BOY the Cleaver (level 12, -6/108 HPs)
             Began as a Minotaur Berserker on Dec 29, 2023.
             Was an Elder of Trog.
             Mangled by a spriggan rider
             ... wielding a +0 spear
              (12 damage)
             ... on level 1 of the Swamp.
             The game lasted 00:30:43 (11475 turns).

N20BOY the Cleaver (Minotaur Berserker)            Turns: 11475, Time: 00:30:43

Health: -6/108     AC: 22    Str: 33    XL:     12   Next: 31%
Magic:  11/11      EV:  9    Int:  4    God:    Trog [****..]
Gold:   446        SH: 11    Dex: 10    Spells: 11/11 levels left

rFire   + . .        l - +3 hand axe (flame)
rCold   . . .        M - +0 buckler
rNeg    . . .        y - +4 plate armour {rF+}
rPois   .            (helmet restricted)
rElec   .            (no cloak)
rCorr   .            (no gloves)
SInv    .            f - +1 pair of boots
Will    .....        p - amulet of reflection Stlth
                     m - +4 ring of slaying
HPRegen 0.38/turn    r - +6 ring of strength
MPRegen 0.12/turn

%: reflection
@: no status effects
A: horns 2, retaliatory headbutt
a: Renounce Religion, Berserk, Trog's Hand, Brothers in Arms


You were on level 1 of the Swamp.
You worshipped Trog.
Trog was greatly pleased with you.
You visited 3 branches of the dungeon, and saw 13 of its levels.

You collected 446 gold pieces.

Inventory:

Hand Weapons
 a - a +0 hand axe
 l - a +3 hand axe of flaming (weapon)
 o - a +0 war axe
 z - a +0 sling
 D - a +2 heavy battleaxe
Missiles
 g - 6 atropa-tipped darts (quivered)
 i - 164 stones
 J - a throwing net
Armour
 b - a +0 animal skin
 d - a +0 plate armour
 f - a +1 pair of boots (worn)
 j - a +2 chain mail
 y - a +4 plate armour of fire resistance (worn)
 M - a +0 buckler (worn)
Jewellery
 m - a +4 ring of slaying (left hand)
 n - an amulet of guardian spirit
 p - an amulet of reflection (around neck)
 r - a +6 ring of strength (right hand)
 u - a +4 ring of slaying
 A - an amulet of the acrobat
 C - a ring of see invisible
 F - an amulet of magic regeneration
 G - a +6 ring of intelligence
Wands
 v - a wand of flame (6)
 w - a wand of quicksilver (17)
 x - a wand of roots (12)
 B - a wand of polymorph (3)
Scrolls
 k - 3 scrolls of fear
 I - a scroll of vulnerability
Potions
 c - a potion of magic
 e - 3 potions of lignification
 h - 4 potions of invisibility
 q - 2 potions of resistance
 t - a potion of mutation
 L - a potion of ambrosia


   Skills:
 + Level 10.7 Fighting
 + Level 14.8 Axes
 + Level 13.3 Armour
 + Level 4.5 Dodging
 + Level 2.0 Stealth
 + Level 9.4 Shields


You had 11 spell levels left.
You didn't know any spells.
Your spell library was empty.

Dungeon Overview and Level Annotations

Branches:
Dungeon (9/15)             Temple (0/1) D:7            Lair (3/5) D:9
  Swamp (1/4) Lair:3        Snake (0/4) Lair:3          Orc (0/2) D:9

Altars:
Okawaru
Vehumet
Yredelemnul

Shops:
D:4 :


Innate Abilities, Weirdness & Mutations

You have a pair of horns on your head.
You reflexively headbutt those who attack you in melee.


Message History

You closely miss the goliath frog. The goliath frog barely misses you.
You closely miss the goliath frog.
A goliath frog comes into view.
You miss the goliath frog. The goliath frog hits you!
You are splashed with acid!
* * * LOW HITPOINT WARNING * * *
The spriggan rider hits you from afar with a +3 spear!
* * * LOW HITPOINT WARNING * * *
You miss the goliath frog. You block the goliath frog's attack.
You closely miss the goliath frog. Your headbutt misses the goliath frog.
The sentinel's mark upon you fades away.
You block the spriggan rider's attack.
A spriggan rider comes into view. It is wielding a +0 spear.
The goliath frog hits you.
* * * LOW HITPOINT WARNING * * *
You are splashed with acid!
* * * LOW HITPOINT WARNING * * *
Blink to where?
Press: ? - help, Q - select action, (/) - cycle Dir - move target
Found 7 stones.
As you read the scroll of blinking, it crumbles to dust.
You feel better.
You feel much better.
The spriggan rider hits you but does no damage.
As you read the scroll of teleportation, it crumbles to dust.
You feel strangely unstable.
The spriggan rider hits you from afar with a +0 spear!
* * * LOW HITPOINT WARNING * * *
The spriggan rider hits you from afar with a +3 spear!
* * * LOW HITPOINT WARNING * * *
You enter the shallow water.
Moving in this stuff is going to be slow.
The spriggan rider hits you but does no damage.
Your surroundings suddenly seem different.
The bog body points at you and mumbles some strange words.
The bolt of cold hits you!
* * * LOW HITPOINT WARNING * * *
The spriggan rider shouts!
The spriggan rider hits you with a +0 spear!
You die...

..~......♣ ....≈ ~.....~... ~...
~.~...~.F. ♣~.. ..♣♣♣...~~..~.♣
♣~.♣ ♣........~~.~.. ♣~.♣
♣...♣♣.~~....~. .♣.
.~♣♣♣♣..♣♣♣...♣♣≈...~~.i♣
~~~~.~♣♣♣.~~~....~§....i.~i..~iF♣
~~~~....♣♣...~..@i~~.♣ .~~~~w~.~
.~~~~~~~~♣♣♣~~~.§~~~~♣♣ ..(..~~~.
..~~~w~~..♣§~~~.°.~~~<♣ ♣♣~.....~
♣.~§~~~~~~♣.~~~...~§~.♣ ♣♣♣~~..♣
.[~~~.~~~...~~..n....♣♣ ♣~..~♣♣
..~~~.~~..~......~~~§.♣ ...~~~~
...~~~~....♣♣♣♣..~~~~~♣ ♣.~....
...~~~.....♣♣ ♣♣......♣♣♣♣.♣.~♣
.........~~~♣♣♣♣♣~.....♣ ♣♣♣♣♣


You could see 2 spriggan riders and a bog body.

Vanquished Creatures
  An alligator (Swamp:1)
  A two-headed ogre (D:9)
  Sonja (Lair:2)
  A bog body (Swamp:1)
  Pikel (D:7)
  9 elephants (Lair:3)
  2 black mambas (Lair:1)
  Maggie (D:6)
  4 cane toads (Lair:1)
  A rime drake (Lair:3)
  4 komodo dragons
  Grinder (D:5)
  3 tyrant leeches
  Prince Ribbit (D:5)
  2 polar bears (Lair:1)
  4 blink frogs (Lair:3)
  Sigmund (D:5)
  2 basilisks
  14 yaks
  4 wyverns
  Edmund (D:4)
  4 nagas (Lair:3)
  3 swamp worms (Lair:3)
  2 black bears
  7 water moccasins
  A sky beast (D:6)
  An ogre (D:3)
  5 wolves (Lair:3)
  4 centaurs
  7 bullfrogs
  A gnoll sergeant (D:5)
  9 wights
  11 killer bees
  2 electric eels
  8 orc priests
  2 hounds (D:5)
  2 iguanas (D:6)
  8 orc wizards
  4 gnolls (D:5)
  9 adders
  2 shadow imps
  A white imp (D:5)
  A worm (D:4)
  2 dart slugs
  26 orcs
  3 ball pythons
  5 bats (D:2)
  4 endoplasms
  3 giant cockroaches
  7 goblins
  6 hobgoblins
  3 jackals (D:2)
  3 quokkas
  4 frilled lizards
  3 kobolds (D:1)
  7 rats
229 creatures vanquished.

Vanquished Creatures (others)
  A bloated husk (Swamp:1)
  2 foxfires (Swamp:1)
3 creatures vanquished.

Grand Total: 232 creatures vanquished

Notes
Turn   | Place    | Note
-------+----------+-------------------------------------------
     0 | D:1      | N20BOY the Minotaur Berserker began the quest for the Orb.
     0 | D:1      | Reached XP level 1. HP: 19/19 MP: 0/0
   231 | D:1      | Reached skill level 4 in Axes
   261 | D:1      | Reached XP level 2. HP: 27/27 MP: 1/1
   332 | D:1      | Found a faded altar of an unknown god.
  1049 | D:2      | Reached XP level 3. HP: 33/33 MP: 2/2
  1112 | D:2      | Reached ** piety under Trog
  2171 | D:3      | Reached XP level 4. HP: 41/41 MP: 3/3
  2239 | D:3      | Noticed an ogre
  2250 | D:3      | Killed an ogre
  2251 | D:3      | Reached skill level 5 in Axes
  2251 | D:3      | Reached XP level 5. HP: 39/47 MP: 4/4
  2512 | D:3      | You fall into a shaft and drop 2 floors!
  2512 | D:5      | Entered Level 5 of the Dungeon
  2524 | D:5      | Noticed Sigmund
  2528 | D:5      | Noticed a centaur
  2640 | D:4      | Found Fiha's Tremendous Tomes.
  2736 | D:4      | Noticed Edmund
  2748 | D:4      | Killed Edmund
  2749 | D:4      | Reached skill level 6 in Axes
  2749 | D:4      | Reached XP level 6. HP: 53/53 MP: 5/5
  3379 | D:5      | Killed Sigmund
  3380 | D:5      | Reached skill level 5 in Armour
  3380 | D:5      | Reached skill level 1 in Shields
  3380 | D:5      | Reached XP level 7. HP: 60/60 MP: 6/6
  3436 | D:5      | Reached skill level 5 in Fighting
  3436 | D:5      | Reached skill level 7 in Axes
  3568 | D:5      | Noticed Prince Ribbit
  3588 | D:5      | Killed Prince Ribbit
  3750 | D:5      | Found an iron altar of Okawaru.
  3751 | D:5      | Found a radiant altar of Vehumet.
  3752 | D:5      | Found a basalt altar of Yredelemnul.
  3860 | D:5      | Reached skill level 8 in Axes
  3860 | D:5      | Reached XP level 8. HP: 58/69 MP: 7/7
  4239 | D:5      | Noticed Grinder
  4255 | D:5      | Paralysed by Grinder for 3 turns
  4267 | D:5      | Killed Grinder
  4268 | D:5      | Reached skill level 1 in Stealth
  4587 | D:6      | Reached skill level 9 in Axes
  4600 | D:6      | Noticed Maggie
  4612 | D:6      | Killed Maggie
  4613 | D:6      | Reached XP level 9. HP: 46/79 MP: 8/8
  5294 | D:7      | Reached skill level 10 in Axes
  5352 | D:7      | Found a staircase to the Ecumenical Temple.
  5673 | D:7      | Noticed Pikel
  5695 | D:7      | Killed Pikel
  5696 | D:7      | Reached skill level 5 in Shields
  6267 | D:8      | Reached *** piety under Trog
  6571 | D:8      | Identified the +0 mace of Parts Unknown {flame, Will+
                  | Dex+2}
  6601 | D:8      | Found a sand-covered staircase.
  7048 | D:9      | Reached skill level 11 in Axes
  7053 | D:9      | Reached XP level 10. HP: 84/88 MP: 9/9
  7158 | D:9      | Noticed a two-headed ogre
  7164 | D:9      | Killed a two-headed ogre
  7227 | D:9      | Reached skill level 10 in Armour
  7356 | D:9      | Found a staircase to the Orcish Mines.
  7567 | D:9      | Found a staircase to the Lair.
  7626 | Lair:1   | Entered Level 1 of the Lair of Beasts
  7626 | Lair:1   | Noticed a cane toad
  7626 | Lair:1   | Noticed a cane toad
  7636 | Lair:1   | Killed a cane toad
  7637 | Lair:1   | Reached skill level 12 in Axes
  7638 | Lair:1   | Killed a cane toad
  7809 | Lair:1   | Noticed a cane toad
  7813 | Lair:1   | Killed a cane toad
  7967 | Lair:1   | Noticed a black mamba
  7974 | Lair:1   | Killed a black mamba
  7975 | Lair:1   | Reached XP level 11. HP: 66/97 MP: 10/10
  8680 | Lair:2   | Reached skill level 13 in Axes
  9019 | Lair:2   | Noticed Sonja
  9029 | Lair:2   | Killed Sonja
  9621 | Lair:3   | Reached skill level 14 in Axes
  9624 | Lair:3   | Reached skill level 10 in Fighting
  9626 | Lair:3   | Reached **** piety under Trog
 10034 | Lair:3   | Found a staircase to the Swamp.
 10050 | Lair:3   | Reached XP level 12. HP: 74/106 MP: 11/11
 10583 | Lair:3   | Found a staircase to the Snake Pit.
 11139 | Swamp:1  | Entered Level 1 of the Swamp
 11144 | Swamp:1  | Noticed an alligator
 11156 | Swamp:1  | Killed an alligator
 11443 | Swamp:1  | Noticed an alligator
 11444 | Swamp:1  | Noticed an alligator
 11445 | Swamp:1  | Noticed a ghost crab
 11446 | Swamp:1  | Noticed a four-headed hydra
 11475 | Swamp:1  | Mangled by a spriggan rider

Illustrated notes

Levels and vault maps discovered:
D:1:      amcnicky_arrival_blooded_trapdoor, layout_basic,
          chequers_ecumenical_altar_island
D:2:      layout_basic
D:3:      layout_basic, serial_corexii_hall, corexii_hall_statues_i,
          corexii_hall_statues_s, chequers_hall_statues_y
D:4:      layout_rooms, mrwooster_statue_mirror, nicolae_shop_i_like_big_books,
          uniq_edmund
D:5:      layout_cave_pods, chequers_temple_overflow_statue_of_worship,
          nrook_pool_corridor, uniq_sigmund, uniq_prince_ribbit1, uniq_grinder
D:6:      layout_loops_cross, uniq_maggie
D:7:      layout_rooms, minmay_temple_entry_nine_rooms, st_stairs_14, uniq_pikel
D:8:      layout_loops_ring, lightli_ossuary_entry_decrepit_ruins
D:9:      layout_cave_pools, lair_entry_dummy, orc_0_dummy
Lair:1:   layout_big_grid, chequers_serial_rivers_small_b,
          infiniplex_staircase_pool
Lair:2:   layout_regular_city, lemuel_fruit_tree, infiniplex_staircase_pool_2,
          uniq_sonja
Lair:3:   layout_gridlike, minmay_swamp_entry_worms,
          minmay_snake_entry_guardpost_small
Swamp:1:  layout_basic_swamp, nicolae_swamp_little_tower, swamp_pool5,
          statue_in_the_mist_lemuel, hangedman_swamp_blocks,
          hangedman_swamp_wriggling

Skill      XL: |  1  2  3  4  5  6  7  8  9 10 11 12 |
---------------+-------------------------------------+-----
Axes           | 4 5 6 8 9 11 12 14 | 14.8
Fighting       | 4 5 7 8 9 10 | 10.7
Armour         | 3 4 5 6 7 9 11 12 13 | 13.3
Dodging        | 3 4 |  4.5
Shields        | 1 2 3 5 6 8 9 |  9.4
Stealth        | 1 2 |  2.0

Action                     |  1- 3 |  4- 6 |  7- 9 | 10-12 || total
---------------------------+-------+-------+-------+-------++-------
  Melee: Hand axe          |    89 |    25 |   127 |   231 ||   472
         Headbutt          |    10 |     6 |    19 |    49 ||    84
         War axe           |     1 |    17 |       |       ||    18
         Punch             |       |       |     2 |     1 ||     3
 Invoke: Berserk           |       |     4 |     4 |     3 ||    11
         Trog's Hand       |       |     3 |     5 |     8 ||    16
  Evoke: Wand              |       |       |       |     2 ||     2
    Use: Potion            |     4 |     3 |       |     5 ||    12
         Scroll            |     9 |     3 |     2 |    12 ||    26
 Armour: Animal skin       |     6 |       |       |       ||     6
         Chain mail        |    75 |    31 |       |       ||   106
         Plate armour      |       |       |   116 |   153 ||   269
  Dodge: Dodged            |    42 |    16 |    75 |    85 ||   218
  Block: Other             |       |    12 |    53 |    34 ||    99
         Reflection        |       |     1 |     3 |     3 ||     7
         Buckler           |       |       |       |   115 ||   115
